[Event "55th Biel Festival MTO 2022"]
[Site "Biel"]
[Date "2022.07.19"]
[Round "6.33"]
[White "Shubin Daniel"]
[Black "Kolbus Dietmar"]
[Result "1-0"]
[ECO "B98"]
[WhiteElo "2120"]
[BlackElo "2285"]
[Annotator "TA"]
[PlyCount "47"]
[EventDate "2022.07.13"]
[EventType "swiss"]
[EventCountry "SUI"]
[SourceTitle "playchess.com"]
[Source "ChessBase"]
[SourceQuality "1"]
[TimeControl "40/5400+30:1800+30"]

1. e4 c5 2. Nf3 d6 3. d4 cxd4 4. Nxd4 Nf6 5. Nc3 a6 6. Bg5 Nbd7 7. f4 Qc7 8. Qe2 e6 9. O-O-O Be7 10. g4 O-O (10... b5 $11 {feels stronger.}) 11. Bxf6 {[%emt 0:06:49] White is more active. B98: Sicilian Najdorf: 6 Bg5 e6 7 f4 Be7, sidelines.} (11. Bg2 $16) 11... Bxf6 $11 12. g5 Bxd4 13. Rxd4 {[%emt 0:00:06] White is slightly better.} e5 {[%emt 0:00:56] [#]} 14. Nd5 $146 ({Predecessor:} 14. Rc4 Qd8 15. f5 Qxg5+ 16. Kb1 Nf6 17. h4 Qh6 18. Qd3 b5 19. Rc7 Rb8 20. a4 {0-1 (27) Bordonada,G (2365)-Ardiansyah,H (2380) Manila 1979}) 14... Qd8 15. Rd3 ({White should play} 15. Rd2 $1 $14) 15... exf4 $15 16. Qh5 (16. Qf2 $11 {keeps the balance.}) 16... Ne5 $17 17. Rg1 {[%emt 0:01:36][%cal Od5f6] Prevents Bg4. Threatens to win with Nf6+!} Be6 $2 {[%emt 0:12:47] [#] Loses the game.} ({Stronger than} 17... Nxd3+ 18. Bxd3 Kh8 19. e5 $11) (17... Kh8 $17 18. a3 f3 19. Rxf3 Nxf3 20. Qxf3 Qa5) 18. Nf6+ $1 $18 gxf6 (18... Qxf6 19. gxf6) 19. gxf6+ {[%emt 0:00:04] White mates.} Ng6 20. e5 $1 Kh8 {[%emt 0:02:06] [#]} 21. Rg5 $1 Qa5 22. Qh6 Qe1+ 23. Rd1 Qe3+ 24. Kb1 {[%emt 0:00:04] Weighted Error Value: White=0.29 (precise) /Black=0.36} 1-0

[Event "55th Biel Festival MTO 2022"]
[Site "Biel"]
[Date "2022.07.19"]
[Round "6.34"]
[White "Bewersdorff Oliver"]
[Black "Collin Moritz Valentin"]
[Result "1/2-1/2"]
[ECO "A13"]
[WhiteElo "2280"]
[BlackElo "2129"]
[Annotator "TA"]
[PlyCount "57"]
[EventDate "2022.07.13"]
[EventType "swiss"]
[EventCountry "SUI"]
[SourceTitle "playchess.com"]
[Source "ChessBase"]
[SourceQuality "1"]
[TimeControl "40/5400+30:1800+30"]

1. Nf3 Nf6 2. c4 e6 3. g3 d5 4. Bg2 d4 5. O-O c5 6. e3 Nc6 7. exd4 cxd4 8. d3 Be7 {[%emt 0:02:05] A13: English Opening: 1...e6.} 9. Na3 O-O 10. Re1 {[%emt 0:01:26][%cal Bf1e1,Be1e5,Be5b5][%mdl 32] Against e5} h6 11. Nc2 a5 12. b3 Re8 13. Ne5 Nxe5 14. Rxe5 {[%emt 0:00:20] [#]} Nd7 $146 (14... Qc7 $11 15. f4 Bd6) ({Predecessor:} 14... Qc7 15. Rb5 e5 16. f4 Bd6 17. fxe5 Bxe5 18. Qf1 Ra6 19. Bf4 Rae6 20. Rxe5 Rxe5 21. Bxe5 Rxe5 {½-½ (43) Petrosian,T (2601)-Bernadskiy,V (2574) Tsaghkadzor 2017}) 15. Rb5 $14 Nc5 16. Ba3 Qc7 17. Nxd4 {[%emt 0:04:34] aiming for Ne2.} (17. Qh5 $5 Nxd3 18. Bxe7 Qxe7 19. Qd1 $16) 17... Rd8 $1 18. Bxc5 Bxc5 19. Nc2 Ra7 20. d4 b6 21. Qd3 e5 $1 22. Bd5 (22. dxc5 $11 Rxd3 23. cxb6) 22... exd4 $15 23. Nxd4 Ba6 {[%emt 0:04:31] [#] Threatens to win with ...Rxd5.} 24. Rxc5 Qxc5 (24... bxc5 $15 25. Nf5 Qe5) 25. Ne6 $1 $36 {[%emt 0:00:52][%mdl 2048] White is more active. The position is equal.} Qxd5 26. cxd5 {[%emt 0:01:18] Dancing on a razor blade.} Bxd3 27. Nxd8 Rd7 28. Nc6 Kf8 29. Ne5 {[%emt 0:02:17][%csl LRd3,LRd7] Weighted Error Value: White=0.14 (very precise) /Black=0.08 (flawless)} 1/2-1/2

[Event "55th Biel Festival MTO 2022"]
[Site "Biel"]
[Date "2022.07.19"]
[Round "6.35"]
[White "Gomez Barrera Javiera Belen"]
[Black "Schwander Lukas"]
[Result "1-0"]
[ECO "B57"]
[WhiteElo "2210"]
[BlackElo "2274"]
[Annotator "TA"]
[PlyCount "110"]
[EventDate "2022.07.13"]
[EventType "swiss"]
[EventCountry "SUI"]
[SourceTitle "playchess.com"]
[Source "ChessBase"]
[SourceQuality "1"]
[TimeControl "40/5400+30:1800+30"]

1. e4 c5 2. Nf3 d6 3. d4 cxd4 4. Nxd4 Nf6 5. Nc3 Nc6 6. Bc4 Qb6 7. Nxc6 bxc6 8. O-O g6 9. Qe1 {[%emt 0:01:33] B57: Classical Sicilian: Sozin with 6...Qb6.} Bg7 {[%emt 0:04:22] 9...Qc7 is becoming the main line.} 10. e5 dxe5 11. Qxe5 {[%emt 0:00:15] White is slightly better.} O-O 12. Qxe7 Bf5 (12... Ba6 $1 $11 {might be stronger.} 13. Bxa6 Qxa6) 13. Bb3 $14 {[%emt 0:11:37] White is more active.} Rae8 14. Qd6 Ng4 15. Bf4 {[%emt 0:01:06] [#]} Ne5 $146 ({Predecessor:} 15... Bd4 16. Bg3 Rd8 17. Qf4 Be5 18. Qf3 Bxg3 19. Qxg3 Rd2 20. h3 Nf6 21. Qg5 Qd4 22. Rad1 Ne4 23. Qf4 Nxc3 24. Qxd2 {1-0 (24) Danin,A (2525)-Badelka,O (2418) Bryansk 2021}) 16. Rae1 Rd8 17. Qe7 Rfe8 {[%emt 0:11:50] [#]} 18. Qh4 Qb4 19. a3 Qc5 (19... Qf8 $16 {is a better defense.} 20. Qg3 Ng4) 20. Ne4 Qd4 (20... Bxe4 {was worth a try.} 21. Rxe4 Nd7) 21. c3 $18 ({Weaker is} 21. Ng5 h6 $14) (21. Bg5 Rb8 22. Nf6+ Bxf6 23. Bxf6 (23. Qxd4 Nf3+ 24. gxf3 Bxd4 $14) 23... Qxh4 24. Bxh4 Nd7 $16) 21... Qxe4 22. Rxe4 Bxe4 23. Bg5 Rb8 24. Qxe4 Rxb3 25. f4 h6 26. Bh4 g5 27. fxe5 gxh4 28. Qxc6 Reb8 (28... Rxe5 29. Qc4 Rxb2 30. Rxf7 Kh8 31. Qxh4 Ree2) 29. Qd5 R3b7 30. e6 fxe6 31. Qxe6+ Kh8 32. b4 Rb6 33. Qd7 R6b7 34. Qd6 Rb6 35. Qd7 R6b7 $1 36. Qd5 {[%emt 0:00:26] White is clearly winning.} Bxc3 37. Rf7 Rxf7 38. Qxf7 {[%emt 0:00:01][%mdl 4096] Endgame KQ-KRB} Bd4+ 39. Kf1 {[%emt 0:00:54] [#] And now Qf4 would win.} h3 40. gxh3 {[%emt 0:00:22] aiming for Qf4.} Rg8 41. Ke2 Bg1 42. b5 Rg7 43. Qf8+ Kh7 44. Qf5+ Kh8 45. a4 Bb6 46. Kd3 Kg8 47. Qe6+ Kh7 48. Kc4 Rg6 49. Qe4 Kg7 50. Kb4 Rf6 51. a5 Bf2 52. Kc4 h5 53. h4 Kh6 54. Kd5 Bg1 55. Qe5 Rg6 {[%emt 0:00:17] White took control after the opening.  Weighted Error Value: White=0.07 (flawless) /Black=0.38} 1-0

[Event "55th Biel Festival MTO 2022"]
[Site "Biel"]
[Date "2022.07.19"]
[Round "6.36"]
[White "Acikel Mert"]
[Black "Dauth Benjamin"]
[Result "1/2-1/2"]
[ECO "B03"]
[WhiteElo "2172"]
[BlackElo "2243"]
[Annotator "TA"]
[PlyCount "22"]
[EventDate "2022.07.13"]
[EventType "swiss"]
[EventCountry "SUI"]
[SourceTitle "playchess.com"]
[Source "ChessBase"]
[SourceQuality "1"]
[TimeControl "40/5400+30:1800+30"]

1. e4 Nf6 2. e5 Nd5 3. d4 d6 4. c4 Nb6 5. exd6 exd6 6. Nc3 Be7 7. Bd3 Nc6 8. Nge2 Bg4 9. Be3 {[%emt 0:01:34] B03: Alekhine's Defence: Four Pawns Attack.} Qd7 {[%emt 0:01:15] [#]} 10. Qd2 $146 (10. b3 $16) ({Predecessor:} 10. O-O O-O 11. f3 Bf5 12. b3 Rfe8 13. Bf2 Bf8 14. Bxf5 Qxf5 15. Qd2 d5 16. c5 Nc8 {0-1 (76) Martinez Alcantara,J (2620)-Seo,J (2455) Chess.com INT 2020}) 10... Bf5 (10... d5 $11) 11. b3 Bxd3 {[%emt 0:00:14] Weighted Error Value: White=0.28 (precise) /Black=0.57} 1/2-1/2

[Event "55th Biel Festival MTO 2022"]
[Site "Biel"]
[Date "2022.07.19"]
[Round "6.37"]
[White "Kittler Thorsten"]
[Black "Akshit Kumar J"]
[Result "1-0"]
[ECO "D11"]
[WhiteElo "2226"]
[BlackElo "2103"]
[Annotator "RC"]
[PlyCount "109"]
[EventDate "2022.07.13"]
[EventType "swiss"]
[EventCountry "SUI"]
[SourceTitle "playchess.com"]
[Source "ChessBase"]
[SourceQuality "1"]
[TimeControl "40/5400+30:1800+30"]

1. d4 d5 2. Nf3 Nf6 3. g3 c6 4. Bg2 Bf5 5. O-O e6 6. b3 Nbd7 7. c4 Be7 8. Nbd2 h6 9. Bb2 O-O 10. Ne5 Nxe5 11. dxe5 Nd7 12. e4 dxe4 13. Nxe4 Nc5 14. Qe2 Bxe4 15. Bxe4 Nxe4 16. Qxe4 Qa5 17. Qc2 Rad8 18. Bc3 Qa3 19. Rad1 a5 20. Qb2 Qxb2 21. Bxb2 Bb4 22. a4 b6 23. Bd4 c5 24. Be3 Bc3 25. f4 Rfe8 26. Kf2 Kf8 27. Ke2 Ke7 28. g4 Rxd1 29. Rxd1 Rd8 30. Rxd8 Kxd8 31. h4 Ke7 32. h5 Kf8 33. Bf2 f6 34. Kd3 Bb2 35. exf6 Bxf6 36. Ke4 Ke7 37. Be3 Bc3 38. Bf2 Bf6 39. Bg3 Kd7 40. Bh2 Bd8 41. Bg3 Bf6 42. Be1 Bb2 43. Bd2 Bf6 44. Bc1 Bc3 45. g5 Kd6 46. Be3 hxg5 47. fxg5 g6 48. hxg6 Bg7 49. Bf2 e5 50. Kf5 Bh8 51. Bg3 Bg7 52. Bh2 Bh8 53. g7 Bxg7 54. Kg6 Bf8 55. Kf7 1-0

[Event "55th Biel Festival MTO 2022"]
[Site "Biel"]
[Date "2022.07.19"]
[Round "6.38"]
[White "Roe Simon J"]
[Black "Kamber Bruno"]
[Result "0-1"]
[ECO "A20"]
[WhiteElo "2170"]
[BlackElo "2225"]
[Annotator "TA"]
[PlyCount "142"]
[EventDate "2022.07.13"]
[EventType "swiss"]
[EventCountry "SUI"]
[SourceTitle "playchess.com"]
[Source "ChessBase"]
[SourceQuality "1"]
[TimeControl "40/5400+30:1800+30"]

1. c4 e5 2. g3 Nf6 3. Bg2 h6 4. Nf3 e4 5. Nd4 Nc6 6. Nc2 {[%emt 0:02:19] A20: English Opening: 1...e5.} Bc5 7. Nc3 Qe7 8. O-O {[%emt 0:04:54] White is better.} d6 {[%emt 0:00:37] [#]} 9. b4 $146 ({Predecessor:} 9. d4 exd3 10. exd3 Bg4 11. Qd2 O-O 12. d4 Bb6 13. b4 a6 14. Bb2 Qd7 15. Rfe1 {½-½ (65) Grigorov,G (2504)-Brynell,S (2408) Sweden 2020}) 9... Bd4 (9... Nxb4 $2 10. Nxb4 c6 11. Nc2 $18) (9... Bb6 $142) 10. Nxd4 $16 Nxd4 11. Bb2 c5 12. bxc5 dxc5 13. Nb5 (13. d3 $16) 13... Nxb5 $1 $14 14. cxb5 b6 15. d4 Bb7 16. dxc5 bxc5 17. Qc2 O-O 18. Qc3 Rfd8 19. Rac1 Rac8 20. a4 Rd4 21. Qa5 Rb4 22. Ba3 (22. Bc3 $142 Rb3 23. Bxf6 (23. Qxa7 Ra8 $16) 23... gxf6 24. Bh3 (24. Qxa7 Ra8 $16)) 22... Rb3 $16 23. Rc3 Rxc3 24. Qxc3 Qe6 {[%emt 0:00:24] Prevents Bh3.} 25. Bb2 ({Don't blunder} 25. Bxc5 $2 Qd5 26. Rc1 Nd7 $19) 25... Bd5 26. Rc1 a6 27. Qe5 (27. bxa6 $16 {Threatens to win with Qa5.} Qxa6 28. Qe3) 27... axb5 $11 28. Qxe6 fxe6 29. axb5 Nd7 30. e3 c4 31. Bf1 Kf7 32. Bd4 e5 33. Bb2 Rc5 34. Ba3 Rc8 35. Bb2 Be6 36. Kg2 Kf6 37. Be2 Nb6 38. f4 exf3+ $1 39. Bxf3 ({Don't play} 39. Kxf3 Rc5 $15) 39... Nd5 40. Kf2 Rc5 41. Ba3 {[%emt 0:09:52] This bishop pair is nice.} Rxb5 42. Rxc4 {[%emt 0:00:07] [#]} Nxe3 $1 43. Rc7 Nd5 {[%emt 0:08:34] Against Be7+} 44. Rc5 {[%emt 0:07:25] [#]} Rb3 45. Bxd5 (45. Rc6 {looks sharper.} Ne7 46. Ra6 Rd3 47. Be4) 45... Bxd5 (45... Rxa3 $2 46. Rc6 $18) 46. Rxd5 Rxa3 {[%emt 0:00:05][%mdl 4096] Endgame KR-KR} 47. h4 (47. g4 $15) 47... Kf5 $19 48. Rd7 (48. h5 $17) 48... Ke4 $2 (48... g5 $19 {Hoping for ...Kg4.} 49. Rh7 Ra6) 49. Rd2 $2 (49. Rxg7 $11 {and White has nothing to worry.} Ra2+ 50. Ke1) 49... Rf3+ (49... g5 $19 50. Rb2 gxh4 51. Rb4+ Kd3 52. gxh4 h5) 50. Kg2 $15 Rf7 51. Rd1 Rc7 52. Re1+ Kf5 $1 53. Re2 (53. Ra1 $17 {might work better.}) 53... e4 (53... g5 $19 {and Black stays clearly on top.} 54. Kh3 g4+ 55. Kg2 h5) 54. Kh3 (54. Rf2+ $17 {was the only chance.} Ke5 55. Ra2) 54... Rc3 (54... Ra7 $19 55. Kg2 Ke5) 55. Kg2 $2 {[%emt 0:00:23][%mdl 8192] [#]} (55. Rf2+ $17 Rf3 56. Ra2) 55... Ke5 $2 (55... g5 $1 $19 56. h5 Rb3) 56. Kf2 $2 (56. h5 $15) 56... Rf3+ $2 (56... g5 $19 {has better winning chances. ...g4 is the strong threat.} 57. Ra2 Kd4) 57. Kg2 $17 Rf7 58. Ra2 Rc7 59. Kf2 $2 {[%emt 0:00:14][%mdl 8192] [#]} (59. Ra5+ $17 Kd4 60. g4) 59... Kf5 $1 $19 60. Kg2 Rc3 $2 (60... Kg4 $19 {Strongly threatening ...Rc3.} 61. Rf2 g5) 61. Rf2+ ({White should try} 61. Re2 $11) 61... Ke5 $15 62. Rf7 Rc2+ 63. Kf1 ({White should play} 63. Kh3 $1 $15) 63... g6 64. Rg7 Kf5 {[%emt 0:00:53] Black is more active.} (64... Rc6 $17 {And now ...Kf5 would win.} 65. Ra7 Kf5 66. Rf7+ Kg4 67. Rf4+ Kxg3 68. Rxe4 h5) 65. Rg8 $2 (65. g4+ $11 Kxg4 66. Rxg6+ Kxh4 67. Rxh6+ Kg3 68. Rh8) 65... Rc6 $19 {[%emt 0:06:53] Black is clearly winning.} 66. Re8 Kg4 67. Rxe4+ Kxg3 68. Ke2 h5 69. Ke3 Rf6 70. Ra4 Rf3+ 71. Ke2 Rf4 {[%emt 0:00:09] Weighted Error Value: White=0.53/Black=0.44} 0-1

[Event "55th Biel Festival MTO 2022"]
[Site "Biel"]
[Date "2022.07.20"]
[Round "7.1"]
[White "Aryan Chopra"]
[Black "Alekseenko Kirill"]
[Result "0-1"]
[ECO "A29"]
[WhiteElo "2610"]
[BlackElo "2708"]
[Annotator "TA"]
[PlyCount "124"]
[EventDate "2022.07.13"]
[EventType "swiss"]
[EventCountry "SUI"]
[SourceTitle "playchess.com"]
[Source "ChessBase"]
[SourceQuality "1"]
[TimeControl "40/5400+30:1800+30"]

1. c4 e5 2. Nc3 Nf6 3. Nf3 Nc6 4. g3 Bb4 5. Bg2 O-O 6. O-O e4 7. Ng5 Bxc3 8. bxc3 Re8 9. f3 e3 10. d3 {[%emt 0:00:48] [#] A29: English Opening: Four Knights Variation with 4 g3.} h6 $1 $146 {[%emt 0:12:04][%mdl 8] A top novelty.} ({Predecessor:} 10... d5 11. Qa4 h6 12. cxd5 Nxd5 13. Ne4 f5 14. Nc5 f4 15. Ne4 Rb8 16. Qd1 b5 17. a3 a5 {½-½ (36) Ding,L (2809)-Yu,Y (2751) Shenzhen 2019}) 11. Ne4 d5 ({Better is} 11... Nxe4 $14 12. fxe4 d6) 12. Nxf6+ $16 {[%emt 0:04:22] White is better.} Qxf6 13. cxd5 Qxc3 {[%emt 0:10:51] [#]} (13... Ne7 $16) 14. dxc6 $1 $18 Qxa1 {[%emt 0:01:34] [#]} 15. cxb7 $1 Bxb7 16. Qb3 Rab8 17. Bb2 Bd5 18. Rxa1 (18. Bxa1 Bxb3 19. axb3 Rxb3 $18) 18... Bxb3 19. axb3 Rxb3 20. Bd4 a5 21. f4 {[%emt 0:06:10] Strongly threatening Bd5.} (21. Rxa5 Rb1+ 22. Bf1 f6 $18) 21... Reb8 22. Rxa5 $4 {[%emt 0:07:33][%mdl 8192] [#]} (22. Bxe3 Rb1+ 23. Rxb1 Rxb1+ 24. Kf2 a4) (22. Bd5 $18 {and life is good for White.} Rb1+ 23. Rxb1 Rxb1+ 24. Kg2) 22... Rxd3 $19 23. Ba7 (23. exd3 {gets mated.} Rb1+ 24. Bf1 e2 25. Ra8+ Kh7 26. Kf2 exf1=Q+ 27. Ke3 Re1+ 28. Kd2 Rd1+ 29. Kc3 Qxd3+ 30. Kb4 Qxd4+ 31. Ka3 Rb1) (23. Bxe3 Rxe3) 23... Rd1+ 24. Bf1 Rbb1 25. Bxe3 Rxf1+ {[%emt 0:00:38][%mdl 4096] Endgame KRR-KRB} 26. Kg2 Rfd1 27. Rc5 (27. Ra2 $142) 27... Rb2 28. Kf3 Re1 29. Bd4 Rd2 ({And not} 29... Rbxe2 30. Bf2 $15) 30. e3 Rxh2 31. Rxc7 Rf1+ 32. Ke4 Rg2 33. Rc8+ Kh7 34. Rc7 Kg8 ({But not} 34... Rxg3 $2 35. Rxf7 Kg8 36. Rf5 $19) 35. Rc8+ Kh7 36. Rc7 Rxg3 {[%emt 0:03:32] ...Kg6 is the strong threat.} 37. Rxf7 h5 38. Rf5 Rh1 {[%emt 0:00:53] And now ...Rg6 would win.} 39. Be5 $2 (39. Ra5) 39... Kg8 40. Bd4 Kh7 $2 (40... h4 41. Rh5 h3) 41. Be5 $1 Kg8 $2 (41... Rg4 42. Kf3 Rg6) 42. Bd4 h4 43. Rh5 h3 44. f5 h2 45. Be5 Rg4+ 46. Kf3 {[%emt 0:00:00] [#]} Rg5 $3 47. Rxh2 (47. Rxg5 Rf1+) 47... Rxh2 48. Bxh2 Rxf5+ {[%emt 0:00:03] KR-KB} 49. Kg4 {[%emt 0:00:00] Black mates.} Rf1 50. e4 Kf7 51. Be5 Kg6 52. Bd4 Rd1 53. Bc3 Rg1+ 54. Kf4 Kh5 55. e5 g5+ 56. Ke3 Rb1 57. Ke4 Kg6 58. e6 Rf1 59. Kd5 g4 60. Be5 Rd1+ 61. Ke4 Re1+ 62. Kf4 g3 $1 {[%emt 0:00:14] Weighted Error Value: White=0.48/Black=0.36} 0-1

[Event "55th Biel Festival MTO 2022"]
[Site "Biel"]
[Date "2022.07.20"]
[Round "7.2"]
[White "Motylev Alexander"]
[Black "Visakh N R"]
[Result "1/2-1/2"]
[ECO "E48"]
[WhiteElo "2632"]
[BlackElo "2503"]
[Annotator "TA"]
[PlyCount "43"]
[EventDate "2022.07.13"]
[EventType "swiss"]
[EventCountry "SUI"]
[SourceTitle "playchess.com"]
[Source "ChessBase"]
[SourceQuality "1"]
[TimeControl "40/5400+30:1800+30"]

1. d4 Nf6 2. c4 e6 3. Nc3 Bb4 4. e3 O-O 5. Bd3 d5 6. cxd5 exd5 7. Nge2 Re8 8. O-O Bf8 9. a3 a5 {[%emt 0:00:46] E48: Nimzo-Indian: Rubinstein: 5 Bd3 d5 including 6 Ne2, but excluding 6 a3.} 10. Qc2 {[%emt 0:06:28] [#]} b6 $5 $146 {[%emt 0:11:53][%mdl 8] New and interesting.} ({Predecessor:} 10... Na6 11. b3 g6 12. Re1 c6 13. Ng3 Nc7 14. f3 Ne6 15. Bb2 b6 16. Nce2 Bb7 {1-0 (96) Aleksandrov,A (2554)-Maiorov,N (2520) Viljandi 2014}) 11. e4 dxe4 {[%emt 0:10:39] White is slightly better.} 12. Nxe4 h6 13. Nxf6+ Qxf6 14. Bh7+ Kh8 {[%emt 0:00:03] [#] ...g6 is the strong threat.} 15. Be4 Ra7 16. Bf4 Bd6 17. Bxd6 Qxd6 18. Nc3 {[%emt 0:01:25] [#] Hoping for Nb5.} c6 {[%emt 0:06:22] Inhibits Nb5. The position is equal.} 19. d5 {[%emt 0:07:59] Strongly threatening dxc6.} Ba6 20. Bd3 Bxd3 21. Qxd3 Rd7 22. Rad1 {[%emt 0:00:07] Weighted Error Value: White=0.08 (flawless) /Black=0.04 (flawless)} 1/2-1/2

[Event "55th Biel Festival MTO 2022"]
[Site "Biel"]
[Date "2022.07.20"]
[Round "7.3"]
[White "Ganguly Surya Shekhar"]
[Black "Fedoseev Vladimir"]
[Result "1/2-1/2"]
[ECO "B45"]
[WhiteElo "2608"]
[BlackElo "2686"]
[Annotator "TA"]
[PlyCount "48"]
[EventDate "2022.07.13"]
[EventType "swiss"]
[EventCountry "SUI"]
[SourceTitle "playchess.com"]
[Source "ChessBase"]
[SourceQuality "1"]
[TimeControl "40/5400+30:1800+30"]

1. e4 c5 2. Nf3 e6 3. Nc3 Nc6 4. d4 cxd4 5. Nxd4 Nf6 6. Nxc6 bxc6 7. e5 Nd5 8. Ne4 Bb7 9. Be2 $1 {[%emt 0:01:04] 9.Be2 scores better than 9.c4. B45: Sicilian Four Knights.} c5 10. O-O Qc7 11. Nd6+ {[%emt 0:00:30] White is slightly better.} Bxd6 12. exd6 Qc6 (12... Qxd6 $2 13. c4 $18) 13. f3 e5 (13... Qxd6 $2 14. c4 $18) 14. c4 Nf4 15. Bxf4 exf4 16. Qd2 O-O $1 17. Qxf4 Rae8 18. Bd3 Re6 $1 19. Rad1 $36 {[%emt 0:03:45][%mdl 2048] Black is under pressure.} g6 {[%emt 0:00:52] Inhibits Bf5.} 20. Be4 Qa6 21. Bxb7 Qxb7 {[%emt 0:00:03] [#]} 22. Rd2 $146 ({Predecessor:} 22. b3 Rfe8 23. h3 Re2 24. Rf2 Qb4 25. Qc1 Qe1+ 26. Rxe1 Rxe1+ 27. Qxe1 Rxe1+ 28. Kh2 Rd1 29. Re2 Rxd6 30. Re5 {½-½ (30) Malyshev,V (2269)-Frendzas,P (2245) ICCF email 2021}) 22... Rfe8 23. h4 Re5 24. Rfd1 a5 {[%emt 0:04:50] Weighted Error Value: White=0.07 (flawless) /Black=0.04 (flawless)} 1/2-1/2

[Event "55th Biel Festival MTO 2022"]
[Site "Biel"]
[Date "2022.07.20"]
[Round "7.4"]
[White "Pranav Anand"]
[Black "Sargsyan Shant"]
[Result "1/2-1/2"]
[ECO "E04"]
[WhiteElo "2463"]
[BlackElo "2661"]
[Annotator "TA"]
[PlyCount "54"]
[EventDate "2022.07.13"]
[EventType "swiss"]
[EventCountry "SUI"]
[SourceTitle "playchess.com"]
[Source "ChessBase"]
[SourceQuality "1"]
[TimeControl "40/5400+30:1800+30"]

1. d4 d5 2. c4 e6 3. Nf3 Nf6 4. g3 dxc4 5. Bg2 a6 6. Ne5 {[%emt 0:00:17][%mdl 1024] White has compensation.} Bb4+ {[%emt 0:01:05] E04: Open Catalan: 5 Nf3.} 7. Nc3 {[%emt 0:00:10] [#] And now Qa4+ would win.} Nd5 8. O-O O-O {[%emt 0:00:51] The position is equal.} 9. Ne4 $1 {[%emt 0:00:52][%mdl 4] outshines the older 9.Qc2.} b5 10. b3 cxb3 11. axb3 Bb7 12. Nd3 Nd7 13. Nxb4 Nxb4 {[%emt 0:00:07] [#]} 14. Bg5 $146 ({Predecessor:} 14. Ba3 a5 15. Qd2 c5 16. Rfc1 Bxe4 17. Bxe4 Rc8 18. Bb7 Rc7 19. Bg2 Nf6 20. Bb2 cxd4 21. Rxc7 Qxc7 {½-½ (29) Ruefenacht,M (2510)-Mahnke,R (2534) GER email 2015}) 14... Qe8 15. Rc1 Rc8 16. Qd2 Nd5 17. Nc5 Nxc5 18. Rxc5 f6 19. Bf4 Qf7 20. Rfc1 c6 21. Qe1 Nxf4 22. gxf4 e5 23. fxe5 fxe5 24. dxe5 (24. Rxe5 $5 Rcd8 25. e3 $11) 24... Qxb3 25. e3 Qd3 26. Qb4 Rce8 27. Qh4 {[%emt 0:02:40] [#] aiming for Be4.} g6 {[%emt 0:19:15] Weighted Error Value: White=0.09 (flawless) /Black=0.06 (flawless)} 1/2-1/2

[Event "55th Biel Festival MTO 2022"]
[Site "Biel"]
[Date "2022.07.20"]
[Round "7.5"]
[White "Iniyan P"]
[Black "Sethuraman S.P."]
[Result "1/2-1/2"]
[ECO "D38"]
[WhiteElo "2533"]
[BlackElo "2623"]
[Annotator "TA"]
[PlyCount "50"]
[EventDate "2022.07.13"]
[EventType "swiss"]
[EventCountry "SUI"]
[SourceTitle "playchess.com"]
[Source "ChessBase"]
[SourceQuality "1"]
[TimeControl "40/5400+30:1800+30"]

1. d4 Nf6 2. c4 e6 3. Nf3 d5 4. Nc3 Bb4 5. cxd5 exd5 6. Bg5 h6 7. Bh4 c5 8. e3 c4 {[%emt 0:00:52] D38: Queen's Gambit Declined: Ragozin Defence (4 Nf3 Bb4).} 9. Qc2 g5 10. Bg3 {[%emt 0:00:09] [#]} Be6 $146 (10... Nc6 $11) ({Predecessor:} 10... Ne4 11. Bxc4 Qa5 12. Bd3 Nxc3 13. O-O Qa4 14. Rfc1 Nc6 15. bxc3 Qxc2 16. Rxc2 Ba3 {1-0 (55) Gustafsson,J (2603)-Dizdar,G (2541) Turin 2006}) 11. Be2 (11. Ne5 $5 ) 11... Nc6 12. O-O Bxc3 13. bxc3 Ne4 14. Nd2 $1 Nxd2 15. Qxd2 h5 {[%emt 0:00:04][%cal Bh6h5,Bh5h4,Bh4h3][%mdl 32] [#] Hoping for ...h4.} 16. f3 h4 17. Bf2 f5 {[%emt 0:00:40] Inhibits e4.} 18. e4 f4 19. Qc2 Qd7 20. Bxc4 dxc4 21. d5 h3 $1 22. dxc6 Qxc6 {[%emt 0:00:39] [#] Strongly threatening ...hxg2.} 23. g4 {[%emt 0:01:36] aiming for a4.} fxg3 $1 24. Bxg3 O-O-O 25. Qf2 b6 {[%emt 0:06:03] Weighted Error Value: White=0.10 (very precise) /Black=0.12 (very precise)} 1/2-1/2